 Dungeon Crawl Stone Soup version 0.31-a0-210-gccc998df9b (webtiles) character file.

Game seed: 14433947847104345039

188459 qw the Severer (level 18, -3/116 HPs)
             Began as a Gargoyle Fighter on June 30, 2023.
             Was a High Priest of Okawaru.
             Slain by a 15-headed hydra (7 damage)
             ... on level 4 of the Swamp.
             The game lasted 00:19:11 (32106 turns).

qw the Severer (Gargoyle Fighter)                  Turns: 32106, Time: 00:19:12

Health: -3/116     AC: 62    Str: 30    XL:     18   Next: 54%
Magic:  25/25      EV: 18    Int: 10    God:    Okawaru [*****.]
Gold:   1681       SH: 26    Dex:  5    Spells: 17/17 levels left

rFire   . . .        c - +10 broad axe of Fenerpha {protect, Fly}
rCold   . . .        D - +1 tower shield {rPois}
rNeg    + + +        C - +1 crystal plate armour
rPois   inf          i - +0 helmet of Muhiec {rPois Will+}
rElec   +            y - scarf {repulsion}
rCorr   .            h - +2 pair of gloves
SInv    +            b - +0 pair of boots of Sif Muna {rN+++ Str-3 Dex-4 SInv}
Will    ++...        F - amulet of reflection Stlth
                     q - ring of the Hare {EV+10}
HPRegen 0.39/turn    x - ring "Fiwuas" {rPois AC+4 Str+6}
MPRegen 0.19/turn

%: repel missiles, reflection
@: about to teleport, heroic, under a protective aura, flying
A: sickness immunity, AC +13, big wings, negative energy resistance 1,
electricity resistance, torment resistance 1, petrification resistance,
iridescent scales 1, MP-powered wands
a: Renounce Religion, Heroism, Finesse, Duel


You were on level 4 of the Swamp.
You worshipped Okawaru.
Okawaru was extremely pleased with you.
You visited 6 branches of the dungeon, and saw 30 of its levels.
You also visited: Gauntlet.

You collected 2870 gold pieces.
You spent 1189 gold pieces at shops.


Innate Abilities, Weirdness & Mutations

You are immune to sickness and miasma.
Your stone body is resilient. (AC +13)
You are immune to poison.
Your large and strong wings let you fly.
You resist negative energy. (rN+)
You are resistant to electric shocks. (rElec)
You are resistant to unholy torment.
You are immune to petrification.
You are partially covered in iridescent scales. (AC +2)
You expend magic power (3 MP) to strengthen your wands.


   Skills:
 + Level 13.7(18.7) Fighting
 - Level 18.0(23.0) Axes
 - Level 6.0(11.0) Throwing
 - Level 16.0(21.0) Armour
 - Level 2.0(7.0) Dodging
 - Level 17.8(22.8) Shields
 - Level 10.0 Invocations


You had 17 spell levels left.
You didn't know any spells.
Your spell library was empty.

Inventory:

Hand Weapons
 c - the +10 broad axe of Fenerpha (weapon) {protect, Fly}
   (You took it off a minotaur in a Gauntlet)

   Fly:       It grants you flight.
 m - a +0 broad axe
Missiles
 a - 12 javelins (quivered)
 v - 5 silver boomerangs
 E - 7 boomerangs
Armour
 b - the +0 pair of boots of Sif Muna (worn) {rN+++ Str-3 Dex-4 SInv}
   (You found it in a Gauntlet)

   Str:       It affects your strength (-3).
   Dex:       It affects your dexterity (-4).
   rN:        It renders you almost immune to negative energy.
   SInv:      It lets you see invisible.
 h - a +2 pair of gloves (worn)
 i - the +0 helmet of Muhiec (worn) {rPois Will+}
   (Okawaru gifted it to you on level 4 of the Lair of Beasts)

   rPois:     It protects you from poison.
   Will:      It increases your willpower.
 l - a +0 pair of boots
 t - a +1 helmet
 y - a scarf of repulsion (worn)
 C - a +1 crystal plate armour (worn)
 D - a +1 tower shield of poison resistance (worn)
Jewellery
 j - the ring "Ohaeheo" {rPois rC- rCorr Dex+3}
   (You bought it in a shop on level 2 of the Snake Pit)

   [ring of poison resistance]

   Dex:       It affects your dexterity (+3).
   rC:        It makes you vulnerable to cold.
   rPois:     It protects you from poison.
   rCorr:     It protects you from acid and corrosion.
 q - the ring of the Hare (left hand) {EV+10}
   (You found it in a Gauntlet)

   [ring of evasion]

   EV:        It affects your evasion (+10).
 x - the ring "Fiwuas" (right hand) {rPois AC+4 Str+6}
   (You acquired it on level 5 of the Lair of Beasts)

   [ring of protection]

   AC:        It affects your AC (+4).
   Str:       It affects your strength (+6).
   rPois:     It protects you from poison.
 F - an amulet of reflection (around neck)
 G - a ring of resist corrosion
Wands
 o - a wand of digging (16)
Scrolls
 p - 8 scrolls of teleportation
 z - 4 scrolls of enchant weapon
 A - 20 scrolls of identify
Potions
 d - 4 potions of might
 e - a potion of cancellation
 f - 5 potions of lignification
 g - 15 potions of curing
 k - 6 potions of haste
 n - 2 potions of heal wounds
 r - 2 potions of attraction
 s - a potion of mutation
 u - 3 potions of enlightenment
 w - a potion of magic

Dungeon Overview and Level Annotations

Branches:
Dungeon (15/15)            Temple (1/1) D:6            Lair (5/5) D:9
  Swamp (4/4) Lair:2        Snake (3/4) Lair:2        Slime (0/5) Lair:5
    Orc (2/2) D:11            Elf (0/3) Orc:2        Vaults (0/5) D:14
 Depths (0/4) D:15        Gauntlet (visited)

Altars:
Ashenzari
Cheibriados
Dithmenos
Elyvilon
Fedhas
Gozag
Hepliaklqana
Kikubaaqudgha
Makhleb
Nemelex Xobeh
Okawaru
Qazlal
Ru
Sif Muna
Trog
Uskayaw
Vehumet
Wu Jian
Xom
Yredelemnul
Zin
The Shining One
Lugonu

Shops:
D:1 :   D:8 *   D:9 :?   Orc:2 ==((   Snake:2 ==:

Portals:
Abyss: Lair:5

Annotations:
D:8 2 transporters
D:10 2 transporters
Lair:3 exclusion: 4 lindwurms
Lair:4 1 runed translucent door, qw's ghost, journeyman MiHs
Swamp:2 1 runed translucent door, Ysuot's ghost, journeyman OpWn
Swamp:4 Lernaean hydra


Message History

The 15-headed hydra completely misses you.
The 15-headed hydra bites you but does no damage. x2
You block the 15-headed hydra's attack.
The 15-headed hydra bites you but does no damage.
The 27-headed Lernaean hydra bites you but does no damage.
The 27-headed Lernaean hydra misses you.
The 27-headed Lernaean hydra bites you but does no damage. x4
The 27-headed Lernaean hydra closely misses you.
The 27-headed Lernaean hydra bites you but does no damage. x4
The 27-headed Lernaean hydra misses you.
The 27-headed Lernaean hydra completely misses you.
The 27-headed Lernaean hydra bites you but does no damage.
The 27-headed Lernaean hydra misses you.
The 27-headed Lernaean hydra bites you but does no damage.
The 27-headed Lernaean hydra bites you!
The 27-headed Lernaean hydra bites you but does no damage. x3
The 27-headed Lernaean hydra misses you.
The 27-headed Lernaean hydra closely misses you.
The 27-headed Lernaean hydra bites you.
The 27-headed Lernaean hydra misses you.
The 27-headed Lernaean hydra bites you but does no damage. x3
The swamp dragon bites you but does no damage.
The swamp dragon claws you but does no damage.
The swamp dragon misses you.
32106 ||| READING 9 scrolls of teleportation.
As you read the scroll of teleportation, it crumbles to dust.
You feel strangely unstable.
You block the 11-headed hydra's attack. x3
The 11-headed hydra closely misses you.
The 11-headed hydra completely misses you.
The 11-headed hydra bites you but does no damage.
The 11-headed hydra misses you. The 11-headed hydra barely misses you.
The 11-headed hydra misses you.
The 11-headed hydra bites you but does no damage.
The 11-headed hydra bites you! The 15-headed hydra barely misses you.
The 15-headed hydra bites you but does no damage.
The 15-headed hydra closely misses you.
The 15-headed hydra bites you but does no damage.
The 15-headed hydra bites you!
You die...

~~~~#. ~~ ~ . ~#.~.
.~~## ~#~~~. .#.~
~(~~.#~~~ 77 . ~ #.~.~~~
.7 7 7~ ~.~#~~.D~ .77
~7.~
~~¤~#.DD#########.777.~~
.~.D(DD@#~~~~##...~~....
....(.D....~%..~......~.
.~~.~#~~~~.~~#........~~
#~¤~ #~~¤~~#####.~7..^~~
##~ ##~~#####~.777~....
# #### 7~.77777%...~


7777 7777777777~...~~ 7~~7 77.7 77~~~~.#..~ 7.~777~~7777~~......~. You could see
the 27-headed Lernaean hydra, a 15-headed hydra, a 11-headed hydra, a six-headed
hydra, 2 five-headed hydras and a swamp dragon.

Vanquished Creatures
  Vashnia (Snake:2)
  A tentacled monstrosity (Swamp:4)
  Rupert (Lair:5)
  Gastronok (D:8)
  Frances (Snake:2)
  Agnes (Snake:2)
  Kirke (D:14)
  A fenstrider witch (Swamp:2)
  A nagaraja (Snake:2)
  Aizul (Snake:1)
  A ghoul (Swamp:2)
  A stone giant (D:12)
  3 eleionomae
  A minotaur (Gauntlet)
  6 bunyips
  An ettin (D:15)
  2 shambling mangroves
  An entropy weaver (Gauntlet)
  A salamander tyrant (Snake:2)
  12 hydras
  2 boulder beetles
  4 centaur warriors
  An ogre mage (D:15)
  4 two-headed ogres
  7 anacondas
  A merfolk avatar (Swamp:1)
  7 alligators
  5 naga warriors
  8 death yaks (Lair:4)
  5 tengu warriors
  15 naga sharpshooters
  2 orc high priests
  A deep elf knight (D:14)
  3 thrashing horrors (Lair:5)
  6 shock serpents
  A skeletal warrior (D:14)
  A fire crab (Gauntlet)
  3 salamander mystics
  A deep troll (D:15)
  4 sea snakes (Snake:2)
  A death drake (Swamp:2)
  2 goliath frogs (Swamp:2)
  3 spriggan druids
  2 naga ritualists (Snake:2)
  5 spectral hydras (Swamp:2)
  12 bog bodies
  7 swamp dragons
  2 lindwurms (Lair:3)
  2 wizards
  A phantasmal warrior (Swamp:2)
  2 deep elf zephyrmancers (D:14)
  2 necromancers
  2 goliath frog zombies (Swamp:2)
  4 will-o-the-wisps
  20 ugly things
  7 mana vipers
  A wolf spider (shapeshifter) (Lair:5)
  9 orc sorcerers
  A wolf spider (Gauntlet)
  8 cyclopes
  5 manticores
  6 elephants (Lair:4)
  6 salamanders
  17 naga magi
  5 guardian serpents
  2 smoke demons (Lair:5)
  26 black mambas
  Maggie (D:8)
  6 gargoyles (D:12)
  6 cane toads
  3 centaur skeletons (D:14)
  An unseen horror (shapeshifter) (D:14)
  11 komodo dragons
  A kobold demonologist (D:11)
  2 unseen horrors (D:11)
  4 swamp worm zombies (Swamp:2)
  3 freezing wraiths (Snake:3)
  A rime drake (Lair:2)
  5 yaktaurs (D:14)
  2 ancient zymes (Lair:5)
  3 tyrant leeches
  3 meliai (D:14)
  4 polar bears
  7 trolls
  A wolf spider simulacrum (D:15)
  12 hornets
  42 blink frogs
  Prince Ribbit (D:9)
  4 alligator zombies (Swamp:2)
  A spectral swamp dragon (Swamp:2)
  4 dream sheep (Lair:5)
  A jumping spider (Gauntlet)
  4 wyverns
  12 spriggans
  2 shadows
  A vampire (D:11)
  41 yaks
  6 wraiths
  2 ynoxinuls (Lair:5)
  5 fire bats (Gauntlet)
  6 small abominations (Lair:5)
  A human (D:14)
  4 tyrant leech zombies (Swamp:2)
  2 hogs (D:14)
  A redback (Gauntlet)
  2 steam dragons (D:8)
  2 chaos spawn (Lair:5)
  3 basilisks
  Grum (D:8)
  2 vampire mosquitoes (Swamp:1)
  A warg (shapeshifter) (D:13)
  29 nagas
  11 swamp worms
  2 acid dragons
  20 water moccasins
  3 wargs
  2 hell hounds (Gauntlet)
  7 swamp drakes
  2 black bears
  20 orc warriors
  3 ice beasts (D:15)
  A sky beast (D:4)
  A hornet zombie (Swamp:4)
  6 ogres
  A boggart (D:14)
  29 wolves
  18 centaurs
  A swamp dragon skeleton (Swamp:4)
  4 kobold brigands
  2 phantoms (D:5)
  A necrophage (Swamp:2)
  10 bullfrogs
  A scorpion (D:6)
  A gnoll sergeant (D:12)
  15 wights
  2 spriggan zombies (Swamp:2)
  3 killer bees (D:8)
  6 howler monkeys
  5 electric eels
  2 jellies
  2 hounds
  2 gnoll boudas
  19 orc priests
  Jessica (D:2)
  5 iguanas
  23 orc wizards
  A boggart skeleton (D:14)
  A boggart simulacrum (D:15)
  6 adders
  22 gnolls
  A shadow imp (D:6)
  2 white imps
  An ufetubus (D:6)
  2 worms
  5 dart slugs
  71 orcs
  3 endoplasms
  2 giant cockroaches
  2 goblins
  5 hobgoblins
  13 kobolds
  4 quokkas
  9 ball pythons
  5 bats
  3 frilled lizards
  2 rats (D:2)
927 creatures vanquished.

Vanquished Creatures (others)
  A hydra (Swamp:3)
  3 bloated husks
  A spriggan (Swamp:1)
  A vampire mosquito (Swamp:1)
  A swamp worm (Swamp:2)
  2 nagas (Snake:2)
  A swamp drake (Swamp:2)
  24 foxfires
  5 spectral weapons
39 creatures vanquished.

Grand Total: 966 creatures vanquished

Notes
Turn   | Place    | Note
-------+----------+-------------------------------------------
     0 | D:1      | qw the Gargoyle Fighter began the quest for the Orb.
     0 | D:1      | Reached XP level 1. HP: 14/14 MP: 1/1
     0 | D:1      | 0 ||| qw: Version: 0.3-a-26-gee661ec
     0 | D:1      | 0 ||| qw: Game counter: 7252
     0 | D:1      | 0 ||| qw: Melee chars always use a shield: true
     0 | D:1      | 0 ||| qw: God list: Okawaru
     0 | D:1      | 0 ||| qw: Allow faded altars: false
     0 | D:1      | 0 ||| qw: Do Orc after clearing Dungeon:15 true
     0 | D:1      | 0 ||| qw: Do second Lair branch before Depths: true
     0 | D:1      | 0 ||| qw: Lair rune preference: random
     0 | D:1      | 0 ||| qw: Goals: Normal, Zot:1-4, Slime:5, God:TSO, Crypt,
                  | Tomb, Abyss, Pan, Hells, Win
     0 | D:1      | 0 ||| PLANNING D:1-11
   147 | D:1      | Reached skill level 2 in Axes
   152 | D:1      | 152 ||| Stepping ~*~*~tactically~*~*~ (hiding).
   199 | D:1      | Reached XP level 2. HP: 14/19 MP: 2/2
   453 | D:1      | Found Saekheff's Book Emporium.
   736 | D:1      | 736 ||| READING scroll labelled PIXKUH OFUA.
   739 | D:1      | 739 ||| READING scroll labelled LOFIFF OHOX.
   941 | D:2      | Reached skill level 3 in Axes
   954 | D:2      | Reached XP level 3. HP: 23/23 MP: 3/3
  1268 | D:2      | 1268 ||| DROPPING +0 club.
  1298 | D:2      | Noticed Jessica
  1299 | D:2      | 1299 ||| Stepping ~*~*~tactically~*~*~ (hiding).
  1301 | D:2      | 1301 ||| Stepping ~*~*~tactically~*~*~ (hiding).
  1302 | D:2      | 1302 ||| Stepping ~*~*~tactically~*~*~ (hiding).
  1303 | D:2      | 1303 ||| Stepping ~*~*~tactically~*~*~ (hiding).
  1309 | D:2      | Killed Jessica
  1310 | D:2      | Reached XP level 4. HP: 8/28 MP: 4/4
  1557 | D:2      | 1557 ||| UPGRADING to +5 ring of evasion.
  1558 | D:2      | 1558 ||| READING scroll labelled GIHIHO GUWUE.
  1559 | D:2      | 1559 ||| READING scroll labelled TOPHEWEFOS.
  1560 | D:2      | 1560 ||| READING scroll labelled MIARCHAO TISA.
  1561 | D:2      | 1561 ||| READING scroll labelled OFUATWE EDGHURA.
  1562 | D:2      | 1562 ||| READING 2 scrolls labelled YJINOLL ZEOSK.
  1563 | D:2      | 1563 ||| READING scroll of enchant weapon.
  1563 | D:2      | 1563 ||| ENCHANTING +1 war axe.
  1564 | D:2      | 1564 ||| DRINKING 2 metallic pink potions.
  1564 | D:2      | Gained mutation: You do not regenerate when monsters are
                  | visible. [potion of mutation]
  1565 | D:2      | 1565 ||| DRINKING potion of mutation.
  1565 | D:2      | Lost mutation: You do not regenerate when monsters are
                  | visible. [potion of mutation]
  1565 | D:2      | Gained mutation: You are partially covered in iridescent
                  | scales. (AC +2) [potion of mutation]
  1565 | D:2      | Gained mutation: You expend magic power (3 MP) to
                  | strengthen your wands. [potion of mutation]
  1593 | D:3      | Found a blossoming altar of Fedhas.
  1627 | D:3      | Reached skill level 4 in Axes
  1647 | D:3      | 1647 ||| DROPPING +0 whip.
  1741 | D:3      | 1741 ||| Stepping ~*~*~tactically~*~*~ (hiding).
  1751 | D:3      | 1751 ||| Stepping ~*~*~tactically~*~*~ (stealth).
  2208 | D:3      | 2208 ||| DROPPING +0 mace.
  2228 | D:3      | 2228 ||| UPGRADING to +0 kite shield.
  2238 | D:3      | 2238 ||| DROPPING +0 buckler.
  2239 | D:3      | 2239 ||| UPGRADING to ring of protection from cold.
  2240 | D:3      | 2240 ||| DRINKING 2 murky black potions.
  2241 | D:3      | 2241 ||| DRINKING 3 cyan potions.
  2308 | D:4      | Reached XP level 5. HP: 26/32 MP: 5/5
  2351 | D:4      | Noticed an ogre
  2359 | D:4      | Killed an ogre
  2485 | D:4      | Reached XP level 6. HP: 37/37 MP: 6/6
  2508 | D:4      | Noticed a sky beast
  2519 | D:4      | Killed a sky beast
  2520 | D:4      | Reached skill level 5 in Axes
  3034 | D:4      | Reached XP level 7. HP: 26/43 MP: 7/7
  3138 | D:4      | 3138 ||| DROPPING +1 flail of venom.
  3382 | D:4      | Reached skill level 1 in Dodging
  3478 | D:4      | 3478 ||| UPGRADING to +0 plate armour.
  3488 | D:4      | 3488 ||| DROPPING +0 scale mail.
  3489 | D:4      | 3489 ||| READING scroll labelled TUTIME TUENG.
  3490 | D:4      | 3490 ||| READING scroll labelled HADDYR GUWN.
  3544 | D:5      | Entered Level 5 of the Dungeon
  3672 | D:5      | 3672 ||| Stepping ~*~*~tactically~*~*~ (stealth).
  3673 | D:5      | 3673 ||| Stepping ~*~*~tactically~*~*~ (stealth).
  3674 | D:5      | 3674 ||| Stepping ~*~*~tactically~*~*~ (stealth).
  3689 | D:5      | Reached skill level 1 in Throwing
  3801 | D:5      | Reached skill level 6 in Axes
  3818 | D:5      | 3818 ||| Stepping ~*~*~tactically~*~*~ (hiding).
  3819 | D:5      | 3819 ||| Stepping ~*~*~tactically~*~*~ (hiding).
  3836 | D:5      | 3836 ||| Stepping ~*~*~tactically~*~*~ (stealth).
  3839 | D:5      | 3839 ||| Stepping ~*~*~tactically~*~*~ (stealth).
  3851 | D:5      | Reached skill level 6 in Shields
  3853 | D:5      | Reached XP level 8. HP: 39/48 MP: 8/8
  3936 | D:5      | 3936 ||| Stepping ~*~*~tactically~*~*~ (hiding).
  4115 | D:5      | Reached skill level 7 in Axes
  4644 | D:6      | 4644 ||| Stepping ~*~*~tactically~*~*~ (hiding).
  4648 | D:6      | 4648 ||| Stepping ~*~*~tactically~*~*~ (hiding).
  4982 | D:6      | Found a staircase to the Ecumenical Temple.
  4983 | D:6      | 4983 ||| PLANNING TEMPLE
  4983 | D:6      | 4983 ||| UPGRADING to ring of see invisible.
  5005 | Temple   | Entered the Ecumenical Temple
  5021 | Temple   | 5021 ||| PLANNING OKAWARU WORSHIP
  5168 | Temple   | Became a worshipper of Warmaster Okawaru
  5169 | Temple   | 5169 ||| PLANNING D:1-11
  5624 | D:7      | Reached XP level 9. HP: 49/54 MP: 9/9
  5665 | D:7      | 5665 ||| Stepping ~*~*~tactically~*~*~ (stealth).
  5683 | D:7      | Reached skill level 8 in Axes
  5696 | D:7      | Reached skill level 6 in Fighting
  5706 | D:7      | Reached * piety under Okawaru
  5707 | D:7      | 5707 ||| INVOKING Heroism.
  5836 | D:7      | 5836 ||| DROPPING +4 flail.
  6176 | D:7      | 6176 ||| INVOKING Heroism.
  6341 | D:7      | 6341 ||| Stepping ~*~*~tactically~*~*~ (hiding).
  6348 | D:7      | 6348 ||| INVOKING Heroism.
  6366 | D:7      | 6366 ||| FLEEEEING.
  6367 | D:7      | 6367 ||| FLEEEEING.
  6368 | D:7      | 6368 ||| FLEEEEING.
  6369 | D:7      | 6369 ||| FLEEEEING.
  6371 | D:7      | 6371 ||| FLEEEEING.
  6372 | D:7      | 6372 ||| FLEEEEING.
  6373 | D:7      | 6373 ||| FLEEEEING.
  6374 | D:7      | 6374 ||| FLEEEEING.
  6375 | D:7      | 6375 ||| FLEEEEING.
  6378 | D:7      | 6378 ||| FLEEEEING.
  6379 | D:7      | 6379 ||| FLEEEEING.
  6383 | D:7      | 6383 ||| FLEEEEING.
  6488 | D:7      | Reached skill level 9 in Axes
  6488 | D:7      | 6488 ||| FLEEEEING.
  6489 | D:7      | 6489 ||| FLEEEEING.
  6490 | D:7      | 6490 ||| FLEEEEING.
  6491 | D:7      | 6491 ||| FLEEEEING.
  6492 | D:7      | 6492 ||| FLEEEEING.
  6493 | D:7      | 6493 ||| STAIRDANCE
  6575 | D:6      | 6575 ||| DRINKING 2 fizzy green potions.
  6598 | D:7      | Found a sacrificial altar of Ru.
  6872 | D:8      | 6872 ||| INVOKING Heroism.
  6883 | D:8      | 6883 ||| STAIRDANCE
  6986 | D:8      | 6986 ||| Stepping ~*~*~tactically~*~*~ (water).
  7050 | D:8      | Reached XP level 10. HP: 58/61 MP: 10/10
  7145 | D:8      | Noticed Gastronok
  7146 | D:8      | 7146 ||| INVOKING Heroism.
  7160 | D:8      | Killed Gastronok
  7451 | D:8      | Found a transporter.
  7453 | D:8      | Found Hapit's General Store.
  7557 | D:8      | 7557 ||| Stepping ~*~*~tactically~*~*~ (cloud).
  7567 | D:8      | 7567 ||| Stepping ~*~*~tactically~*~*~ (hiding).
  7568 | D:8      | 7568 ||| Stepping ~*~*~tactically~*~*~ (hiding).
  7571 | D:8      | 7571 ||| INVOKING Heroism.
  7579 | D:8      | Reached skill level 1 in Invocations
  7707 | D:8      | Noticed Grum
  7708 | D:8      | 7708 ||| INVOKING Heroism.
  7713 | D:8      | Noticed Maggie
  7723 | D:8      | 7723 ||| INVOKING Heroism.
  7725 | D:8      | Killed Grum
  7741 | D:8      | Killed Maggie
  7742 | D:8      | Reached skill level 3 in Invocations
  7889 | D:8      | 7889 ||| Stepping ~*~*~tactically~*~*~ (hiding).
  7927 | D:8      | Found a radiant altar of Vehumet.
  7932 | D:8      | Found a white marble altar of Elyvilon.
  7964 | D:8      | Found a transporter.
  8119 | D:8      | 8119 ||| UPGRADING to +0 helmet.
  8137 | D:9      | 8137 ||| STAIRDANCE
  8204 | D:9      | Found Odaxt's Magic Scroll Shop.
  8210 | D:9      | 8210 ||| BUYING scroll of enchant weapon (105 gold).
  8210 | D:9      | Bought a scroll of enchant weapon for 105 gold pieces
  8210 | D:9      | 8210 ||| BUYING scroll of identify (28 gold).
  8210 | D:9      | Bought a scroll of identify for 28 gold pieces
  8210 | D:9      | 8210 ||| BUYING scroll of teleportation (42 gold).
  8210 | D:9      | Bought a scroll of teleportation for 42 gold pieces
  8210 | D:9      | 8210 ||| READING scroll of enchant weapon.
  8210 | D:9      | 8210 ||| ENCHANTING +2 war axe of protection.
  8222 | D:9      | Found a bloodstained altar of Trog.
  8224 | D:9      | Found a hazy altar of Hepliaklqana.
  8252 | D:9      | 8252 ||| READING scroll of brand weapon.
  8252 | D:9      | 8252 ||| BRANDING +3 war axe of protection.
  8286 | D:9      | 8286 ||| Stepping ~*~*~tactically~*~*~ (hiding).
  8288 | D:9      | 8288 ||| Stepping ~*~*~tactically~*~*~ (hiding).
  8289 | D:9      | 8289 ||| Stepping ~*~*~tactically~*~*~ (hiding).
  8292 | D:9      | Reached ** piety under Okawaru
  8404 | D:9      | Found a staircase to the Lair.
  8411 | D:9      | 8411 ||| READING scroll of enchant weapon.
  8411 | D:9      | 8411 ||| ENCHANTING +3 spectral war axe.
  8425 | D:9      | 8425 ||| INVOKING Heroism.
  8434 | D:9      | Reached skill level 6 in Armour
  8458 | D:9      | Identified the +2 whip "Cisouw" {antimagic, rElec rF+ rN+}
  8516 | D:9      | Found Zeco's Tremendous Tomes.
  8532 | D:9      | Noticed Prince Ribbit
  8541 | D:9      | Killed Prince Ribbit
  8830 | D:9      | 8830 ||| DRINKING 2 pink potions.
  8831 | D:9      | 8831 ||| READING 2 scrolls of identify.
  8831 | D:9      | 8831 ||| IDENTIFYING silvery potion
  8832 | D:9      | 8832 ||| DROPPING potion of degeneration.
  8883 | D:10     | Entered Level 10 of the Dungeon
  8909 | D:10     | 8909 ||| Stepping ~*~*~tactically~*~*~ (stealth).
  8910 | D:10     | 8910 ||| Stepping ~*~*~tactically~*~*~ (stealth).
  8911 | D:10     | 8911 ||| Stepping ~*~*~tactically~*~*~ (stealth).
  8912 | D:10     | 8912 ||| Stepping ~*~*~tactically~*~*~ (stealth).
  8915 | D:10     | Reached skill level 10 in Axes
  8919 | D:10     | Reached XP level 11. HP: 60/67 MP: 14/14
  8954 | D:10     | Found a transporter.
  8980 | D:10     | 8980 ||| INVOKING Heroism.
  9000 | D:10     | 9000 ||| READING scroll labelled RACHAGG KE COA.
  9101 | D:10     | 9101 ||| READING 2 scrolls labelled UNOUN GEISILENK.
  9102 | D:10     | 9102 ||| DROPPING scroll of fog.
  9119 | D:9      | 9119 ||| PLANNING LAIR
  9172 | Lair:1   | Entered Level 1 of the Lair of Beasts
  9195 | Lair:1   | 9195 ||| INVOKING Heroism.
  9198 | Lair:1   | Reached skill level 3 in Throwing
  9215 | Lair:1   | 9215 ||| INVOKING Heroism.
  9324 | Lair:1   | 9324 ||| INVOKING Heroism.
  9432 | Lair:1   | 9432 ||| READING scroll of enchant armour.
  9432 | Lair:1   | 9432 ||| ENCHANTING +0 helmet.
  9480 | Lair:1   | 9480 ||| Stepping ~*~*~tactically~*~*~ (stealth).
  9481 | Lair:1   | 9481 ||| Stepping ~*~*~tactically~*~*~ (stealth).
  9489 | Lair:1   | Reached skill level 11 in Axes
  9514 | Lair:1   | 9514 ||| Stepping ~*~*~tactically~*~*~ (stealth).
  9515 | Lair:1   | 9515 ||| Stepping ~*~*~tactically~*~*~ (stealth).
  9521 | Lair:1   | Reached *** piety under Okawaru
  9621 | Lair:1   | 9621 ||| INVOKING Heroism.
  9711 | Lair:1   | 9711 ||| INVOKING Heroism.
  9868 | Lair:1   | 9868 ||| Stepping ~*~*~tactically~*~*~ (stealth).
  9875 | Lair:1   | 9875 ||| INVOKING Heroism.
  9883 | Lair:1   | Received a gift from Okawaru
  9905 | Lair:1   | 9905 ||| Stepping ~*~*~tactically~*~*~ (stealth).
  9907 | Lair:1   | 9907 ||| Stepping ~*~*~tactically~*~*~ (stealth).
  9909 | Lair:1   | 9909 ||| Stepping ~*~*~tactically~*~*~ (stealth).
  9911 | Lair:1   | 9911 ||| INVOKING Heroism.
  9916 | Lair:1   | Reached skill level 9 in Fighting
 10174 | Lair:1   | 10174 ||| DRINKING 2 amethyst potions.
 10191 | Lair:1   | 10191 ||| READING 2 scrolls of identify.
 10191 | Lair:1   | 10191 ||| IDENTIFYING fizzy orange potion
 10270 | Lair:2   | 10270 ||| Stepping ~*~*~tactically~*~*~ (stealth).
 10439 | Lair:2   | Found a staircase to the Snake Pit.
 10463 | Lair:2   | 10463 ||| Stepping ~*~*~tactically~*~*~ (stealth).
 10465 | Lair:2   | 10465 ||| INVOKING Heroism.
 10466 | Lair:2   | 10466 ||| Stepping ~*~*~tactically~*~*~ (stealth).
 10467 | Lair:2   | 10467 ||| Stepping ~*~*~tactically~*~*~ (stealth).
 10511 | Lair:2   | 10511 ||| INVOKING Heroism.
 10513 | Lair:2   | 10513 ||| Stepping ~*~*~tactically~*~*~ (stealth).
 10534 | Lair:2   | Reached skill level 12 in Axes
 10534 | Lair:2   | Reached XP level 12. HP: 71/76 MP: 15/15
 10539 | Lair:2   | Reached **** piety under Okawaru
 10564 | Lair:2   | 10564 ||| Stepping ~*~*~tactically~*~*~ (stealth).
 10565 | Lair:2   | 10565 ||| Stepping ~*~*~tactically~*~*~ (stealth).
 10571 | Lair:2   | 10571 ||| Stepping ~*~*~tactically~*~*~ (stealth).
 10638 | Lair:2   | 10638 ||| Stepping ~*~*~tactically~*~*~ (stealth).
 10641 | Lair:2   | 10641 ||| INVOKING Heroism.
 10832 | Lair:2   | Reached skill level 6 in Invocations
 10861 | Lair:2   | 10861 ||| INVOKING Heroism.
 11130 | Lair:2   | 11130 ||| Stepping ~*~*~tactically~*~*~ (stealth).
 11274 | Lair:2   | Noticed a six-headed hydra
 11275 | Lair:2   | 11275 ||| INVOKING Heroism.
 11279 | Lair:2   | 11279 ||| SWAPPING to +0 morningstar.
 11283 | Lair:2   | Killed a six-headed hydra
 11284 | Lair:2   | 11284 ||| SWAPPING to +4 spectral war axe.
 11394 | Lair:2   | 11394 ||| INVOKING Heroism.
 11414 | Lair:2   | Found a staircase to the Swamp.
 11570 | Lair:2   | 11570 ||| READING scroll labelled YSECKO PICSOG.
 11571 | Lair:2   | 11571 ||| DRINKING 2 smoky red potions.
 11608 | Lair:3   | 11608 ||| Stepping ~*~*~tactically~*~*~ (stealth).
 11609 | Lair:3   | 11609 ||| Stepping ~*~*~tactically~*~*~ (stealth).
 11807 | Lair:3   | 11807 ||| INVOKING Heroism.
 11908 | Lair:3   | Received a gift from Okawaru
 11969 | Lair:3   | 11969 ||| INVOKING Heroism.
 12051 | Lair:3   | 12051 ||| INVOKING Heroism.
 12128 | Lair:3   | 12128 ||| INVOKING Heroism.
 12141 | Lair:3   | Reached skill level 9 in Invocations
 12141 | Lair:3   | Reached XP level 13. HP: 47/82 MP: 19/19
 12143 | Lair:3   | HP: 14/82 [lindwurm/blast of flame (34)]
 12144 | Lair:3   | 12144 ||| READING 2 scrolls of teleportation.
 12145 | Lair:3   | 12145 ||| DRINKING potion of heal wounds.
 12362 | Lair:3   | 12362 ||| READING scroll labelled HUURCH FIVOU.
 12363 | Lair:3   | 12363 ||| READING 3 scrolls of identify.
 12363 | Lair:3   | 12363 ||| IDENTIFYING lumpy coppery potion
 12364 | Lair:3   | 12364 ||| READING 2 scrolls of identify.
 12364 | Lair:3   | 12364 ||| IDENTIFYING puce potion
 12365 | Lair:3   | 12365 ||| DROPPING potion of invisibility.
 12366 | Lair:3   | 12366 ||| DROPPING potion of brilliance.
 12682 | Lair:3   | 12682 ||| READING 3 scrolls of identify.
 12682 | Lair:3   | 12682 ||| IDENTIFYING metallic ruby potion
 12683 | Lair:3   | 12683 ||| READING 2 scrolls of identify.
 12683 | Lair:3   | 12683 ||| IDENTIFYING fuming emerald potion
 12684 | Lair:3   | 12684 ||| DROPPING potion of ambrosia.
 12718 | Lair:4   | 12718 ||| INVOKING Heroism.
 12734 | Lair:4   | Reached ***** piety under Okawaru
 12781 | Lair:4   | Found a runed translucent door.
 12782 | Lair:4   | Found a shimmering altar of Xom.
 12782 | Lair:4   | Noticed qw's ghost (journeyman MiHs)
 12785 | Lair:4   | 12785 ||| INVOKING Heroism.
 12840 | Lair:4   | 12840 ||| INVOKING Heroism.
 12880 | Lair:4   | 12880 ||| Stepping ~*~*~tactically~*~*~ (stealth).
 12882 | Lair:4   | 12882 ||| Stepping ~*~*~tactically~*~*~ (stealth).
 12883 | Lair:4   | 12883 ||| INVOKING Heroism.
 12890 | Lair:4   | Reached skill level 13 in Axes
 12900 | Lair:4   | 12900 ||| INVOKING Finesse.
 13038 | Lair:4   | Reached skill level 9 in Armour
 13048 | Lair:4   | Identified the +0 helmet of Muhiec {rPois Will+} (Okawaru
                  | gifted it to you on level 4 of the Lair of Beasts)
 13048 | Lair:4   | Received a gift from Okawaru
 13051 | Lair:4   | 13051 ||| INVOKING Heroism.
 13136 | Lair:4   | 13136 ||| INVOKING Heroism.
 13137 | Lair:4   | 13137 ||| Stepping ~*~*~tactically~*~*~ (stealth).
 13151 | Lair:4   | 13151 ||| INVOKING Finesse.
 13614 | Lair:4   | 13614 ||| UPGRADING to +0 helmet of Muhiec {rPois Will+}.
 13624 | Lair:4   | 13624 ||| READING scroll labelled SAXIASI FILI.
 13638 | Lair:5   | Entered Level 5 of the Lair of Beasts
 13639 | Lair:5   | 13639 ||| INVOKING Heroism.
 13734 | Lair:5   | 13734 ||| INVOKING Heroism.
 13774 | Lair:5   | Reached skill level 14 in Axes
 13797 | Lair:5   | 13797 ||| INVOKING Heroism.
 13982 | Lair:5   | Gained mutation: Your large and strong wings let you fly.
                  | [Gargoyle growth]
 13982 | Lair:5   | Reached XP level 14. HP: 90/90 MP: 21/21
 14011 | Lair:5   | Noticed Rupert
 14012 | Lair:5   | 14012 ||| INVOKING Heroism.
 14026 | Lair:5   | Killed Rupert
 14172 | Lair:5   | Found a staircase to the Slime Pits.
 14203 | Lair:5   | 14203 ||| Stepping ~*~*~tactically~*~*~ (stealth).
 14210 | Lair:5   | 14210 ||| Stepping ~*~*~tactically~*~*~ (stealth).
 14219 | Lair:5   | 14219 ||| INVOKING Heroism.
 14305 | Lair:5   | Reached skill level 12 in Shields
 14380 | Lair:5   | 14380 ||| INVOKING Heroism.
 14384 | Lair:5   | 14384 ||| SWAPPING to +0 morningstar.
 14394 | Lair:5   | 14394 ||| SWAPPING to +4 spectral war axe.
 14706 | Lair:5   | 14706 ||| FLEEEEING.
 14707 | Lair:5   | 14707 ||| FLEEEEING.
 14770 | Lair:5   | 14770 ||| Stepping ~*~*~tactically~*~*~ (stealth).
 14772 | Lair:5   | 14772 ||| Stepping ~*~*~tactically~*~*~ (stealth).
 14882 | Lair:5   | 14882 ||| INVOKING Heroism.
 14905 | Lair:5   | 14905 ||| Stepping ~*~*~tactically~*~*~ (hiding).
 14952 | Lair:5   | 14952 ||| FLEEEEING.
 14953 | Lair:5   | 14953 ||| FLEEEEING.
 14955 | Lair:5   | 14955 ||| FLEEEEING.
 14956 | Lair:5   | 14956 ||| INVOKING Heroism.
 15090 | Lair:5   | 15090 ||| Stepping ~*~*~tactically~*~*~ (stealth).
 15341 | Lair:5   | Reached skill level 15 in Axes
 15342 | Lair:5   | 15342 ||| Stepping ~*~*~tactically~*~*~ (stealth).
 15353 | Lair:5   | 15353 ||| INVOKING Heroism.
 15365 | Lair:5   | Received a gift from Okawaru
 15402 | Lair:5   | 15402 ||| Stepping ~*~*~tactically~*~*~ (stealth).
 15427 | Lair:5   | 15427 ||| Stepping ~*~*~tactically~*~*~ (stealth).
 15431 | Lair:5   | Found a corrupted altar of Lugonu.
 15431 | Lair:5   | Found a one-way gate to the infinite horrors of the Abyss.
 15733 | Lair:5   | 15733 ||| PLANNING D:1-11
 15733 | Lair:5   | 15733 ||| UPGRADING to amulet of the acrobat.
 15738 | Lair:5   | 15738 ||| READING scroll labelled PUTYWO UDGHASCH.
 15739 | Lair:5   | 15739 ||| READING scroll labelled IZELECZ JOGELE.
 15739 | Lair:5   | Identified a scroll of acquirement
 15739 | Lair:5   | 15739 ||| ACQUIRING ring "Fiwuas" {rPois AC+4 Str+6}
 15739 | Lair:5   | Acquired the ring "Fiwuas" {rPois AC+4 Str+6}
 15741 | Lair:5   | 15741 ||| UPGRADING to ring "Fiwuas" {rPois AC+4 Str+6}.
 15743 | Lair:5   | 15743 ||| DROPPING ring of fire.
 15744 | Lair:5   | 15744 ||| UPGRADING to +5 ring of evasion.
 15746 | Lair:5   | 15746 ||| DROPPING ring of see invisible.
 15862 | D:10     | 15862 ||| Stepping ~*~*~tactically~*~*~ (stealth).
 15864 | D:10     | 15864 ||| Stepping ~*~*~tactically~*~*~ (hiding).
 15977 | D:10     | Found a transporter.
 16048 | D:10     | 16048 ||| Stepping ~*~*~tactically~*~*~ (stealth).
 16050 | D:10     | 16050 ||| Stepping ~*~*~tactically~*~*~ (stealth).
 16052 | D:10     | 16052 ||| Stepping ~*~*~tactically~*~*~ (stealth).
 16054 | D:10     | 16054 ||| Stepping ~*~*~tactically~*~*~ (stealth).
 16277 | D:10     | 16277 ||| UPGRADING to +0 pair of boots.
 16481 | D:11     | Identified the +10 quarterstaff "Epicoub" {drain, Drain rF+
                  | Int+2}
 16569 | D:11     | 16569 ||| Stepping randomly (disturbance).
 16570 | D:11     | 16570 ||| Stepping randomly (disturbance).
 16572 | D:11     | 16572 ||| Stepping randomly (disturbance).
 16586 | D:11     | 16586 ||| Stepping randomly (disturbance).
 16628 | D:11     | Found a staircase to the Orcish Mines.
 16646 | D:11     | 16646 ||| Stepping ~*~*~tactically~*~*~ (hiding).
 16647 | D:11     | 16647 ||| Stepping ~*~*~tactically~*~*~ (hiding).
 16905 | D:11     | 16905 ||| INVOKING Heroism.
 17130 | D:11     | 17130 ||| INVOKING Heroism.
 17485 | D:11     | 17485 ||| PLANNING D
 17547 | D:12     | 17547 ||| Stepping ~*~*~tactically~*~*~ (hiding).
 17730 | D:12     | Noticed a stone giant
 17730 | D:12     | Found the +10 dark maul {heavy}
 17731 | D:12     | 17731 ||| INVOKING Heroism.
 17739 | D:12     | Killed a stone giant
 17742 | D:12     | Received a gift from Okawaru
 17860 | D:12     | 17860 ||| Stepping ~*~*~tactically~*~*~ (hiding).
 17862 | D:12     | 17862 ||| Stepping ~*~*~tactically~*~*~ (hiding).
 17864 | D:12     | 17864 ||| Stepping ~*~*~tactically~*~*~ (hiding).
 17869 | D:12     | Reached skill level 6 in Throwing
 18024 | D:12     | 18024 ||| Stepping ~*~*~tactically~*~*~ (hiding).
 18025 | D:12     | 18025 ||| Stepping ~*~*~tactically~*~*~ (stealth).
 18048 | D:12     | 18048 ||| Stepping ~*~*~tactically~*~*~ (hiding).
 18049 | D:12     | 18049 ||| Stepping ~*~*~tactically~*~*~ (hiding).
 18094 | D:12     | 18094 ||| Stepping ~*~*~tactically~*~*~ (stealth).
 18096 | D:12     | 18096 ||| Stepping ~*~*~tactically~*~*~ (hiding).
 18323 | D:12     | 18323 ||| Stepping ~*~*~tactically~*~*~ (stealth).
 18337 | D:12     | 18337 ||| Stepping ~*~*~tactically~*~*~ (hiding).
 18641 | D:12     | 18641 ||| READING scroll of enchant weapon.
 18641 | D:12     | 18641 ||| ENCHANTING +4 spectral war axe.
 18806 | D:12     | 18806 ||| UPGRADING to +0 crystal plate armour.
 18816 | D:12     | 18816 ||| DROPPING +0 plate armour.
 18817 | D:12     | 18817 ||| DROPPING +6 ring of dexterity.
 18818 | D:12     | 18818 ||| READING 8 scrolls of identify.
 18818 | D:12     | 18818 ||| IDENTIFYING black potion
 18819 | D:12     | 18819 ||| DROPPING potion of berserk rage.
 18848 | D:13     | 18848 ||| PLANNING GAUNTLET
 18848 | D:13     | 18848 ||| Stepping ~*~*~tactically~*~*~ (hiding).
 18930 | D:13     | 18930 ||| Stepping ~*~*~tactically~*~*~ (hiding).
 18990 | D:13     | 18990 ||| INVOKING Heroism.
 18992 | D:13     | 18992 ||| SWAPPING to +0 morningstar.
 18998 | D:13     | Received a gift from Okawaru
 18999 | D:13     | Reached XP level 15. HP: 75/96 MP: 20/22
 18999 | D:13     | 18999 ||| SWAPPING to +5 spectral war axe.
 19118 | D:13     | Found a gate leading to a gauntlet.
 19119 | D:13     | 19119 ||| DROPPING +6 ring of intelligence.
 19126 | Gauntlet | Entered a Gauntlet
 19126 | Gauntlet | Found a transporter.
 19126 | Gauntlet | Found a transporter.
 19126 | Gauntlet | Found a transporter.
 19127 | Gauntlet | Found a transporter.
 19130 | Gauntlet | Found a transporter.
 19152 | Gauntlet | Found a transporter.
 19156 | Gauntlet | Found a transporter.
 19163 | Gauntlet | Found a transporter.
 19184 | Gauntlet | Found a transporter.
 19190 | Gauntlet | Found a transporter.
 19207 | Gauntlet | Found a transporter.
 19246 | Gauntlet | Found the ring of the Hare {EV+10}
 19260 | Gauntlet | Found a transporter.
 19339 | Gauntlet | 19339 ||| INVOKING Heroism.
 19458 | Gauntlet | 19458 ||| DROPPING ring of protection from cold.
 19459 | Gauntlet | 19459 ||| DROPPING ring of protection from fire.
 19460 | Gauntlet | 19460 ||| UPGRADING to ring of the Hare {EV+10}.
 19462 | Gauntlet | 19462 ||| UPGRADING to ring "Fiwuas" {rPois AC+4 Str+6}.
 19464 | Gauntlet | 19464 ||| DROPPING +5 ring of evasion.
 19608 | Gauntlet | Identified the +0 pair of boots of Sif Muna {rN+++ Str-3
                  | Dex-4 SInv}
 19610 | Gauntlet | 19610 ||| UPGRADING to +0 pair of boots of Sif Muna {rN+++
                  | Str-3 Dex-4 SInv}.
 19623 | Gauntlet | Identified the +8 shortbow "Kiluas" {heavy, rF+ Will+ Int+3
                  | SInv}
 19623 | Gauntlet | Identified the +10 broad axe of Fenerpha {protect, Fly}
 19624 | Gauntlet | 19624 ||| Stepping ~*~*~tactically~*~*~ (hiding).
 19627 | Gauntlet | 19627 ||| INVOKING Heroism.
 19725 | Gauntlet | 19725 ||| SWAPPING to +10 broad axe of Fenerpha {protect,
                  | Fly}.
 19730 | Gauntlet | Found the +27 heavy crossbow "Sniper" {heavy, Acc+∞ SInv}
 19736 | Gauntlet | Identified the +4 pair of gloves "Mugyrr" {Harm +Inv rPois
                  | Slay-4}
 19754 | Gauntlet | 19754 ||| UPGRADING to +1 tower shield of poison
                  | resistance.
 19764 | Gauntlet | 19764 ||| DROPPING +0 kite shield.
 19779 | D:13     | 19779 ||| PLANNING D
 19885 | D:13     | 19885 ||| Stepping ~*~*~tactically~*~*~ (hiding).
 20048 | D:13     | Received a gift from Okawaru
 20115 | D:14     | 20115 ||| Stepping ~*~*~tactically~*~*~ (hiding).
 20158 | D:14     | 20158 ||| INVOKING Heroism.
 20169 | D:14     | 20169 ||| INVOKING Finesse.
 20193 | D:14     | 20193 ||| Stepping ~*~*~tactically~*~*~ (hiding).
 20196 | D:14     | 20196 ||| Stepping ~*~*~tactically~*~*~ (hiding).
 20197 | D:14     | 20197 ||| Stepping ~*~*~tactically~*~*~ (hiding).
 20225 | D:14     | 20225 ||| Stepping ~*~*~tactically~*~*~ (hiding).
 20229 | D:14     | 20229 ||| Stepping ~*~*~tactically~*~*~ (hiding).
 20306 | D:14     | 20306 ||| DROPPING +5 spectral war axe.
 20340 | D:14     | Found a gate to the Vaults.
 20413 | D:14     | 20413 ||| INVOKING Heroism.
 20519 | D:14     | Noticed Kirke
 20520 | D:14     | 20520 ||| Stepping ~*~*~tactically~*~*~ (stealth).
 20521 | D:14     | 20521 ||| FLEEEEING.
 20523 | D:14     | 20523 ||| STAIRDANCE
 20558 | D:13     | 20558 ||| DROPPING ring of willpower.
 20611 | D:14     | 20611 ||| FLEEEEING.
 20617 | D:14     | 20617 ||| FLEEEEING.
 20618 | D:14     | 20618 ||| FLEEEEING.
 20619 | D:14     | 20619 ||| FLEEEEING.
 20620 | D:14     | 20620 ||| STAIRDANCE
 20724 | D:14     | 20724 ||| INVOKING Heroism.
 20725 | D:14     | 20725 ||| INVOKING Finesse.
 20736 | D:14     | Killed Kirke
 20844 | D:14     | 20844 ||| Stepping ~*~*~tactically~*~*~ (hiding).
 20912 | D:14     | 20912 ||| Stepping ~*~*~tactically~*~*~ (hiding).
 20921 | D:14     | 20921 ||| Stepping ~*~*~tactically~*~*~ (hiding).
 20977 | D:14     | 20977 ||| Stepping ~*~*~tactically~*~*~ (hiding).
 20979 | D:14     | 20979 ||| Stepping ~*~*~tactically~*~*~ (hiding).
 21116 | D:14     | 21116 ||| INVOKING Heroism.
 21258 | D:14     | 21258 ||| Stepping ~*~*~tactically~*~*~ (hiding).
 21426 | D:14     | 21426 ||| Stepping ~*~*~tactically~*~*~ (stealth).
 21456 | D:14     | Received a gift from Okawaru
 21457 | D:14     | Reached skill level 15 in Shields
 21551 | D:14     | 21551 ||| UPGRADING to amulet of regeneration.
 21561 | D:14     | 21561 ||| DROPPING amulet of the acrobat.
 21615 | D:15     | Entered Level 15 of the Dungeon
 21634 | D:15     | 21634 ||| Stepping ~*~*~tactically~*~*~ (hiding).
 21660 | D:15     | 21660 ||| INVOKING Heroism.
 21686 | D:15     | Reached skill level 12 in Armour
 21771 | D:15     | 21771 ||| INVOKING Heroism.
 21772 | D:15     | 21772 ||| INVOKING Finesse.
 21790 | D:15     | 21790 ||| Stepping ~*~*~tactically~*~*~ (hiding).
 21791 | D:15     | 21791 ||| Stepping ~*~*~tactically~*~*~ (hiding).
 21826 | D:15     | Found a staircase to the Depths.
 21827 | D:15     | 21827 ||| Stepping ~*~*~tactically~*~*~ (stealth).
 22065 | D:15     | 22065 ||| Stepping ~*~*~tactically~*~*~ (hiding).
 22076 | D:15     | 22076 ||| INVOKING Heroism.
 22081 | D:15     | Received a gift from Okawaru
 22151 | D:15     | 22151 ||| Stepping ~*~*~tactically~*~*~ (stealth).
 22153 | D:15     | 22153 ||| INVOKING Heroism.
 22158 | D:15     | Reached XP level 16. HP: 101/101 MP: 20/23
 22159 | D:15     | Received a gift from Okawaru
 22180 | D:15     | 22180 ||| Stepping ~*~*~tactically~*~*~ (hiding).
 22508 | D:15     | 22508 ||| PLANNING ORC
 22685 | Orc:1    | Entered Level 1 of the Orcish Mines
 22734 | Orc:1    | 22734 ||| INVOKING Heroism.
 22789 | Orc:1    | 22789 ||| INVOKING Heroism.
 23001 | Orc:1    | 23001 ||| Stepping ~*~*~tactically~*~*~ (hiding).
 23007 | Orc:1    | 23007 ||| INVOKING Heroism.
 23022 | Orc:1    | 23022 ||| Stepping ~*~*~tactically~*~*~ (stealth).
 23112 | Orc:2    | Entered Level 2 of the Orcish Mines
 23132 | Orc:2    | Found a staircase to the Elven Halls.
 23147 | Orc:2    | 23147 ||| Stepping ~*~*~tactically~*~*~ (hiding).
 23176 | Orc:2    | 23176 ||| INVOKING Heroism.
 23181 | Orc:2    | 23181 ||| Stepping ~*~*~tactically~*~*~ (hiding).
 23192 | Orc:2    | 23192 ||| Stepping ~*~*~tactically~*~*~ (hiding).
 23193 | Orc:2    | 23193 ||| Stepping ~*~*~tactically~*~*~ (hiding).
 23199 | Orc:2    | 23199 ||| Stepping ~*~*~tactically~*~*~ (hiding).
 23204 | Orc:2    | 23204 ||| INVOKING Finesse.
 23219 | Orc:2    | 23219 ||| Stepping ~*~*~tactically~*~*~ (hiding).
 23221 | Orc:2    | 23221 ||| Stepping ~*~*~tactically~*~*~ (hiding).
 23224 | Orc:2    | 23224 ||| Stepping ~*~*~tactically~*~*~ (hiding).
 23240 | Orc:2    | 23240 ||| Stepping ~*~*~tactically~*~*~ (hiding).
 23243 | Orc:2    | 23243 ||| Stepping ~*~*~tactically~*~*~ (hiding).
 23245 | Orc:2    | 23245 ||| Stepping ~*~*~tactically~*~*~ (hiding).
 23250 | Orc:2    | 23250 ||| Stepping ~*~*~tactically~*~*~ (hiding).
 23265 | Orc:2    | 23265 ||| Stepping ~*~*~tactically~*~*~ (stealth).
 23273 | Orc:2    | 23273 ||| INVOKING Heroism.
 23289 | Orc:2    | 23289 ||| Stepping ~*~*~tactically~*~*~ (stealth).
 23291 | Orc:2    | 23291 ||| Stepping ~*~*~tactically~*~*~ (hiding).
 23293 | Orc:2    | 23293 ||| Stepping ~*~*~tactically~*~*~ (hiding).
 23295 | Orc:2    | 23295 ||| Stepping ~*~*~tactically~*~*~ (hiding).
 23339 | Orc:2    | 23339 ||| Stepping ~*~*~tactically~*~*~ (stealth).
 23466 | Orc:2    | 23466 ||| Stepping ~*~*~tactically~*~*~ (hiding).
 23467 | Orc:2    | 23467 ||| Stepping ~*~*~tactically~*~*~ (hiding).
 23573 | Orc:2    | Found Xucadut's Jewellery Boutique.
 23573 | Orc:2    | Found Rouchass's Weapon Shop.
 23576 | Orc:2    | Found Qafezit's Jewellery Boutique.
 23576 | Orc:2    | Found Biedeun's Weapon Shop.
 23588 | Orc:2    | 23588 ||| BUYING amulet of reflection (360 gold).
 23588 | Orc:2    | Bought an amulet of reflection for 360 gold pieces
 23588 | Orc:2    | 23588 ||| BUYING ring of resist corrosion (240 gold).
 23588 | Orc:2    | Bought a ring of resist corrosion for 240 gold pieces
 23594 | Orc:2    | 23594 ||| Stepping ~*~*~tactically~*~*~ (hiding).
 23595 | Orc:2    | 23595 ||| Stepping ~*~*~tactically~*~*~ (hiding).
 23596 | Orc:2    | 23596 ||| Stepping ~*~*~tactically~*~*~ (stealth).
 23603 | Orc:2    | 23603 ||| FLEEEEING.
 23604 | Orc:2    | 23604 ||| FLEEEEING.
 23625 | Orc:2    | 23625 ||| INVOKING Heroism.
 23651 | Orc:2    | 23651 ||| UPGRADING to amulet of reflection.
 23661 | Orc:2    | 23661 ||| DROPPING amulet of regeneration.
 23674 | Orc:1    | Reached skill level 12 in Fighting
 23837 | Orc:2    | 23837 ||| Stepping ~*~*~tactically~*~*~ (stealth).
 23876 | Orc:2    | 23876 ||| Stepping ~*~*~tactically~*~*~ (hiding).
 23878 | Orc:2    | 23878 ||| Stepping ~*~*~tactically~*~*~ (hiding).
 23880 | Orc:2    | 23880 ||| INVOKING Heroism.
 24045 | Orc:2    | 24045 ||| PLANNING SWAMP:1-3
 24258 | Swamp:1  | Entered Level 1 of the Swamp
 24312 | Swamp:1  | 24312 ||| Stepping ~*~*~tactically~*~*~ (hiding).
 24338 | Swamp:1  | 24338 ||| Stepping ~*~*~tactically~*~*~ (stealth).
 24340 | Swamp:1  | 24340 ||| INVOKING Heroism.
 24498 | Swamp:1  | 24498 ||| Stepping ~*~*~tactically~*~*~ (stealth).
 24559 | Swamp:1  | 24559 ||| Stepping ~*~*~tactically~*~*~ (hiding).
 24569 | Swamp:1  | Received a gift from Okawaru
 24606 | Swamp:1  | 24606 ||| INVOKING Heroism.
 24790 | Swamp:1  | 24790 ||| Stepping ~*~*~tactically~*~*~ (cloud).
 24791 | Swamp:1  | 24791 ||| FLEEEEING.
 24792 | Swamp:1  | 24792 ||| FLEEEEING.
 24793 | Swamp:1  | 24793 ||| FLEEEEING.
 24795 | Swamp:1  | 24795 ||| FLEEEEING.
 24796 | Swamp:1  | 24796 ||| INVOKING Heroism.
 25010 | Swamp:1  | 25010 ||| READING scroll of acquirement.
 25010 | Swamp:1  | 25010 ||| ACQUIRING 479 gold pieces
 25010 | Swamp:1  | Acquired 479 gold pieces
 25193 | Swamp:1  | 25193 ||| UPGRADING to +2 pair of gloves.
 25198 | Swamp:1  | 25198 ||| DROPPING +4 pair of gloves "Mugyrr" {Harm +Inv
                  | rPois Slay-4}.
 25256 | Swamp:2  | 25256 ||| Stepping ~*~*~tactically~*~*~ (stealth).
 25259 | Swamp:2  | 25259 ||| Stepping ~*~*~tactically~*~*~ (cloud).
 25266 | Swamp:2  | 25266 ||| Stepping ~*~*~tactically~*~*~ (cloud).
 25359 | Swamp:2  | 25359 ||| Stepping ~*~*~tactically~*~*~ (stealth).
 25361 | Swamp:2  | 25361 ||| Stepping ~*~*~tactically~*~*~ (stealth).
 25373 | Swamp:2  | 25373 ||| INVOKING Heroism.
 25449 | Swamp:2  | Noticed a fenstrider witch
 25450 | Swamp:2  | 25450 ||| INVOKING Heroism.
 25454 | Swamp:2  | Paralysed by a fenstrider witch for 5 turns
 25462 | Swamp:2  | Killed a fenstrider witch
 25500 | Swamp:2  | Received a gift from Okawaru
 25597 | Swamp:2  | 25597 ||| INVOKING Heroism.
 25599 | Swamp:2  | 25599 ||| SWAPPING to +0 morningstar.
 25607 | Swamp:2  | 25607 ||| SWAPPING to +10 broad axe of Fenerpha {protect,
                  | Fly}.
 25656 | Swamp:2  | 25656 ||| Stepping ~*~*~tactically~*~*~ (hiding).
 25661 | Swamp:2  | 25661 ||| INVOKING Heroism.
 25677 | Swamp:2  | 25677 ||| READING scroll of enchant armour.
 25677 | Swamp:2  | 25677 ||| ENCHANTING +0 crystal plate armour.
 25704 | Swamp:2  | 25704 ||| INVOKING Heroism.
 25826 | Swamp:2  | 25826 ||| Stepping ~*~*~tactically~*~*~ (hiding).
 25934 | Swamp:2  | Found a runed translucent door.
 25934 | Swamp:2  | Noticed Ysuot's ghost (journeyman OpWn)
 26163 | Swamp:2  | 26163 ||| Stepping ~*~*~tactically~*~*~ (cloud).
 26352 | Swamp:2  | Reached skill level 16 in Axes
 26404 | Swamp:2  | 26404 ||| SWAPPING to +0 morningstar.
 26416 | Swamp:2  | 26416 ||| INVOKING Heroism.
 26437 | Swamp:2  | 26437 ||| SWAPPING to +10 broad axe of Fenerpha {protect,
                  | Fly}.
 26596 | Swamp:2  | Identified the +6 dagger "Miwiecoa" {venom, *Corrode Str+3
                  | SInv Stlth+}
 26996 | Swamp:2  | 26996 ||| DROPPING ring of wizardry.
 27032 | Swamp:3  | 27032 ||| INVOKING Heroism.
 27036 | Swamp:3  | 27036 ||| SWAPPING to +0 morningstar.
 27041 | Swamp:3  | 27041 ||| SWAPPING to +10 broad axe of Fenerpha {protect,
                  | Fly}.
 27183 | Swamp:3  | 27183 ||| INVOKING Heroism.
 27186 | Swamp:3  | 27186 ||| SWAPPING to +0 morningstar.
 27191 | Swamp:3  | Reached XP level 17. HP: 80/106 MP: 22/24
 27191 | Swamp:3  | 27191 ||| SWAPPING to +10 broad axe of Fenerpha {protect,
                  | Fly}.
 27208 | Swamp:3  | 27208 ||| Stepping ~*~*~tactically~*~*~ (hiding).
 27209 | Swamp:3  | 27209 ||| Stepping ~*~*~tactically~*~*~ (hiding).
 27367 | Swamp:3  | 27367 ||| Stepping ~*~*~tactically~*~*~ (hiding).
 27479 | Swamp:3  | 27479 ||| INVOKING Heroism.
 27481 | Swamp:3  | 27481 ||| SWAPPING to +0 morningstar.
 27496 | Swamp:3  | 27496 ||| SWAPPING to +10 broad axe of Fenerpha {protect,
                  | Fly}.
 27548 | Swamp:3  | 27548 ||| INVOKING Heroism.
 27550 | Swamp:3  | 27550 ||| SWAPPING to +0 morningstar.
 27553 | Swamp:3  | 27553 ||| SWAPPING to +10 broad axe of Fenerpha {protect,
                  | Fly}.
 27729 | Swamp:3  | 27729 ||| PLANNING SNAKE:1-3
 27729 | Swamp:3  | 27729 ||| READING scroll labelled CEREMA IVVUHAOWUDGH.
 27817 | Snake:1  | Entered Level 1 of the Snake Pit
 27848 | Snake:1  | Received a gift from Okawaru
 28045 | Snake:1  | Noticed Aizul
 28046 | Snake:1  | 28046 ||| Stepping ~*~*~tactically~*~*~ (hiding).
 28048 | Snake:1  | 28048 ||| INVOKING Heroism.
 28067 | Snake:1  | Killed Aizul
 28171 | Snake:1  | Reached skill level 15 in Armour
 28231 | Snake:1  | 28231 ||| Stepping ~*~*~tactically~*~*~ (hiding).
 28806 | Snake:1  | You are sucked into a shaft and drop 1 floor!
 28808 | Snake:2  | 28808 ||| INVOKING Heroism.
 28809 | Snake:2  | 28809 ||| Stepping ~*~*~tactically~*~*~ (hiding).
 28811 | Snake:2  | 28811 ||| Stepping ~*~*~tactically~*~*~ (hiding).
 28855 | Snake:2  | 28855 ||| INVOKING Heroism.
 28858 | Snake:2  | 28858 ||| Stepping ~*~*~tactically~*~*~ (hiding).
 28860 | Snake:2  | 28860 ||| Stepping ~*~*~tactically~*~*~ (hiding).
 28860 | Snake:2  | Noticed Vashnia
 28861 | Snake:2  | 28861 ||| Stepping ~*~*~tactically~*~*~ (hiding).
 28877 | Snake:2  | 28877 ||| Stepping ~*~*~tactically~*~*~ (hiding).
 28892 | Snake:2  | 28892 ||| Stepping ~*~*~tactically~*~*~ (hiding).
 28910 | Snake:2  | 28910 ||| Stepping ~*~*~tactically~*~*~ (hiding).
 28915 | Snake:2  | 28915 ||| Stepping ~*~*~tactically~*~*~ (hiding).
 28920 | Snake:2  | Killed Vashnia
 28937 | Snake:2  | 28937 ||| Stepping ~*~*~tactically~*~*~ (stealth).
 28969 | Snake:2  | Reached skill level 17 in Axes
 28978 | Snake:2  | 28978 ||| Stepping ~*~*~tactically~*~*~ (hiding).
 28995 | Snake:2  | 28995 ||| INVOKING Heroism.
 28997 | Snake:2  | 28997 ||| Stepping ~*~*~tactically~*~*~ (hiding).
 29274 | Snake:1  | 29274 ||| Stepping ~*~*~tactically~*~*~ (hiding).
 29275 | Snake:1  | 29275 ||| Stepping ~*~*~tactically~*~*~ (hiding).
 29556 | Snake:2  | 29556 ||| INVOKING Heroism.
 29559 | Snake:2  | 29559 ||| Stepping ~*~*~tactically~*~*~ (hiding).
 29563 | Snake:2  | 29563 ||| Stepping ~*~*~tactically~*~*~ (hiding).
 29565 | Snake:2  | 29565 ||| Stepping ~*~*~tactically~*~*~ (hiding).
 29566 | Snake:2  | 29566 ||| Stepping ~*~*~tactically~*~*~ (hiding).
 29567 | Snake:2  | 29567 ||| Stepping ~*~*~tactically~*~*~ (hiding).
 29569 | Snake:2  | 29569 ||| Stepping ~*~*~tactically~*~*~ (hiding).
 29577 | Snake:2  | 29577 ||| INVOKING Heroism.
 29589 | Snake:2  | Received a gift from Okawaru
 29603 | Snake:2  | 29603 ||| Stepping ~*~*~tactically~*~*~ (stealth).
 29663 | Snake:2  | 29663 ||| Stepping ~*~*~tactically~*~*~ (stealth).
 29664 | Snake:2  | 29664 ||| Stepping ~*~*~tactically~*~*~ (stealth).
 29707 | Snake:2  | 29707 ||| Stepping ~*~*~tactically~*~*~ (hiding).
 29708 | Snake:2  | 29708 ||| Stepping ~*~*~tactically~*~*~ (hiding).
 29712 | Snake:2  | 29712 ||| INVOKING Heroism.
 29777 | Snake:2  | Noticed Agnes
 29778 | Snake:2  | 29778 ||| INVOKING Heroism.
 29779 | Snake:2  | 29779 ||| INVOKING Finesse.
 29790 | Snake:2  | Killed Agnes
 29859 | Snake:2  | Found Giptiune's Jewellery Shoppe.
 29860 | Snake:2  | Found Riunaone's Book Shop.
 29861 | Snake:2  | Found Haice's Jewellery Shoppe.
 29867 | Snake:2  | 29867 ||| BUYING ring "Ohaeheo" {rPois rC- rCorr Dex+3}
                  | (414 gold).
 29867 | Snake:2  | Bought the ring "Ohaeheo" {rPois rC- rCorr Dex+3} for 414
                  | gold pieces
 29912 | Snake:2  | Noticed Frances
 29913 | Snake:2  | 29913 ||| Stepping ~*~*~tactically~*~*~ (stealth).
 29915 | Snake:2  | 29915 ||| Stepping ~*~*~tactically~*~*~ (stealth).
 29917 | Snake:2  | 29917 ||| Stepping ~*~*~tactically~*~*~ (hiding).
 29919 | Snake:2  | 29919 ||| Stepping ~*~*~tactically~*~*~ (hiding).
 29921 | Snake:2  | 29921 ||| INVOKING Heroism.
 29922 | Snake:2  | 29922 ||| INVOKING Finesse.
 29927 | Snake:2  | Killed Frances
 30262 | Snake:3  | 30262 ||| INVOKING Heroism.
 30317 | Snake:3  | 30317 ||| Stepping ~*~*~tactically~*~*~ (stealth).
 30326 | Snake:3  | Reached XP level 18. HP: 114/114 MP: 25/25
 30326 | Snake:3  | 30326 ||| DROPPING +0 morningstar.
 30346 | Snake:3  | 30346 ||| Stepping ~*~*~tactically~*~*~ (hiding).
 30347 | Snake:3  | 30347 ||| Stepping ~*~*~tactically~*~*~ (hiding).
 30349 | Snake:3  | 30349 ||| Stepping ~*~*~tactically~*~*~ (hiding).
 30372 | Snake:3  | 30372 ||| Stepping ~*~*~tactically~*~*~ (stealth).
 30474 | Snake:3  | 30474 ||| Stepping ~*~*~tactically~*~*~ (hiding).
 30478 | Snake:3  | 30478 ||| Stepping ~*~*~tactically~*~*~ (hiding).
 30479 | Snake:3  | 30479 ||| Stepping ~*~*~tactically~*~*~ (hiding).
 30480 | Snake:3  | 30480 ||| Stepping ~*~*~tactically~*~*~ (hiding).
 30482 | Snake:3  | 30482 ||| Stepping ~*~*~tactically~*~*~ (hiding).
 30483 | Snake:3  | 30483 ||| Stepping ~*~*~tactically~*~*~ (hiding).
 30485 | Snake:3  | 30485 ||| INVOKING Heroism.
 30552 | Snake:3  | 30552 ||| Stepping ~*~*~tactically~*~*~ (stealth).
 30554 | Snake:3  | 30554 ||| Stepping ~*~*~tactically~*~*~ (stealth).
 30556 | Snake:3  | 30556 ||| Stepping ~*~*~tactically~*~*~ (stealth).
 30557 | Snake:3  | 30557 ||| Stepping ~*~*~tactically~*~*~ (stealth).
 30579 | Snake:3  | Found a frozen archway.
 30581 | Snake:3  | 30581 ||| Stepping ~*~*~tactically~*~*~ (stealth).
 30622 | Snake:3  | 30622 ||| Stepping ~*~*~tactically~*~*~ (hiding).
 30624 | Snake:3  | 30624 ||| Stepping ~*~*~tactically~*~*~ (hiding).
 30625 | Snake:3  | 30625 ||| Stepping ~*~*~tactically~*~*~ (hiding).
 30688 | Snake:3  | 30688 ||| Stepping ~*~*~tactically~*~*~ (stealth).
 30709 | Snake:3  | Reached skill level 18 in Axes
 30781 | Snake:3  | 30781 ||| Stepping ~*~*~tactically~*~*~ (hiding).
 30782 | Snake:3  | 30782 ||| Stepping ~*~*~tactically~*~*~ (hiding).
 30783 | Snake:3  | 30783 ||| Stepping ~*~*~tactically~*~*~ (hiding).
 30784 | Snake:3  | 30784 ||| Stepping ~*~*~tactically~*~*~ (hiding).
 30907 | Snake:3  | 30907 ||| Stepping ~*~*~tactically~*~*~ (hiding).
 30912 | Snake:3  | 30912 ||| INVOKING Heroism.
 30918 | Snake:3  | Received a gift from Okawaru
 30926 | Snake:3  | 30926 ||| Stepping ~*~*~tactically~*~*~ (hiding).
 30935 | Snake:3  | 30935 ||| Stepping ~*~*~tactically~*~*~ (hiding).
 31242 | Snake:3  | 31242 ||| PLANNING SWAMP:4
 31242 | Snake:3  | 31242 ||| UPGRADING to scarf of repulsion.
 31394 | Swamp:4  | Entered Level 4 of the Swamp
 31395 | Swamp:4  | 31395 ||| INVOKING Heroism.
 31452 | Swamp:4  | Received a gift from Okawaru
 31460 | Swamp:4  | 31460 ||| INVOKING Heroism.
 31523 | Swamp:4  | 31523 ||| Stepping ~*~*~tactically~*~*~ (hiding).
 31524 | Swamp:4  | 31524 ||| INVOKING Heroism.
 31541 | Swamp:4  | Noticed a tentacled monstrosity
 31553 | Swamp:4  | Killed a tentacled monstrosity
 31633 | Swamp:4  | 31633 ||| Stepping ~*~*~tactically~*~*~ (hiding).
 31634 | Swamp:4  | 31634 ||| Stepping ~*~*~tactically~*~*~ (stealth).
 31645 | Swamp:4  | 31645 ||| Stepping ~*~*~tactically~*~*~ (stealth).
 31745 | Swamp:4  | 31745 ||| FLEEEEING.
 31746 | Swamp:4  | 31746 ||| FLEEEEING.
 31747 | Swamp:4  | 31747 ||| FLEEEEING.
 31748 | Swamp:4  | 31748 ||| FLEEEEING.
 31749 | Swamp:4  | 31749 ||| FLEEEEING.
 31750 | Swamp:4  | 31750 ||| FLEEEEING.
 31751 | Swamp:4  | 31751 ||| FLEEEEING.
 31752 | Swamp:4  | 31752 ||| FLEEEEING.
 31753 | Swamp:4  | 31753 ||| FLEEEEING.
 31760 | Swamp:4  | 31760 ||| FLEEEEING.
 31761 | Swamp:4  | 31761 ||| FLEEEEING.
 31762 | Swamp:4  | 31762 ||| FLEEEEING.
 31764 | Swamp:4  | 31764 ||| FLEEEEING.
 31765 | Swamp:4  | 31765 ||| FLEEEEING.
 31766 | Swamp:4  | 31766 ||| FLEEEEING.
 31767 | Swamp:4  | 31767 ||| FLEEEEING.
 31768 | Swamp:4  | 31768 ||| FLEEEEING.
 31770 | Swamp:4  | 31770 ||| INVOKING Heroism.
 31907 | Swamp:4  | 31907 ||| INVOKING Heroism.
 31954 | Swamp:4  | 31954 ||| FLEEEEING.
 32067 | Swamp:4  | 32067 ||| INVOKING Heroism.
 32089 | Swamp:4  | Noticed the 27-headed Lernaean hydra
 32105 | Swamp:4  | HP: 29/116 [15-headed hydra (5)]
 32105 | Swamp:4  | HP: 13/116 [the 27-headed Lernaean hydra (2)]
 32106 | Swamp:4  | 32106 ||| READING 9 scrolls of teleportation.
 32106 | Swamp:4  | HP: 4/116 [11-headed hydra (9)]
 32106 | Swamp:4  | Slain by a 15-headed hydra

Levels and vault maps discovered:
D:1:      nzn_arrival_water_spiral, layout_basic, serial_shops, shop
D:2:      layout_loops_ring, kennysheep_jessica_study, uniq_jessica
D:3:      layout_basic, mainiacjoe_overflow_catwalk
D:4:      layout_basic
D:5:      layout_basic, kennysheep_generic_room_13
D:6:      layout_basic, temple_fountains, chequers_jeans
D:7:      layout_cave_pods, mainiacjoe_overflow_boulevard
D:8:      layout_loops_ring, mainiacjoe_overflow_big_doors, serial_shops,
          nicolae_shop_drivethru, chequers_serial_rivers_small_a,
          nicolae_water_bricks, uniq_gastronok, uniq_maggie, uniq_grum
D:9:      layout_rooms, nicolae_overflow_hidden_temple, lair_entry_dummy,
          serial_shops, shop, nicolae_shop_i_like_big_books, uniq_prince_ribbit1
D:10:     gammafunk_worm_tunnel, layout_cave_pools
D:11:     layout_cave_pods, david_orc_1_choice, chequers_serial_rivers_micro_b
D:12:     minmay_roctagon, layout_basic
D:13:     layout_gridville, gauntlet_entry_generic
D:14:     layout_roguey, hangedman_vaults_entry_quadrant_bands,
          grunt_decor_resistance, uniq_kirke
D:15:     hangedman_depths_entry_civil_slaughter, layout_loops_ring,
          minmay_misc_feat_encased, serial_ice, serial_ice_b, serial_ice_h,
          serial_ice_l, serial_ice_o
Temple:   eino_temple_scatter_basement
Lair:1:   layout_regular_city, serial_bayou, serial_bayou_crossing,
          serial_bayou_lake_a, serial_bayou_shore_b, serial_bayou_pond_e,
          serial_bayou_ford_a, serial_bayou_pond_e
Lair:2:   layout_chaotic_city, nicolae_swamp_entry_splash_gauntlet,
          minmay_snake_entry_six_corridors, chequers_serial_rivers_micro_c,
          chequers_serial_rivers_marsh
Lair:3:   layout_chaotic_city, nicolae_volcano_entry_two_sided,
          minmay_lindwurm_lava, grunt_megastairs_3
Lair:4:   layout_hall_layers, ebering_ghost_xom
Lair:5:   hellmonk_lair_end_abyssal_woods, layout_cave_pods, slime_entry_1,
          serial_bayou_shore_b, uniq_rupert
Swamp:1:  layout_falls_marsh, hangedman_swamp_diagram, swamp_pool4,
          grunt_lady_of_the_lake
Swamp:2:  cheibrodos_swamp_mausoleum, layout_basic_swamp,
          ebering_ghost_inner_flame, swamp_pool1
Swamp:3:  layout_basic_swamp, evilmike_swamp_ruin_rubble_2, swamp_pool4
Swamp:4:  swamp_old_school, layout_basic_swamp, swamp_pool3, beargit_kiku_chapel
Snake:1:  kennysheep_six_static_rooms, layout_chambers, uniq_aizul
Snake:2:  layout_onion, nicolae_integral_box, serial_bayou_shore_a,
          minmay_shop_grove, uniq_agnes, uniq_vashnia, uniq_frances
Snake:3:  layout_misc_corridors, portal_ice_cave_entry_frozen_things,
          grunt_megastairs_1
Orc:1:    nicolae_orc_accident_3, layout_caves
Orc:2:    st_orc_mages, layout_caves

Skill      XL: |  1  2  3  4  5  6  7  8  9 10 11 12 13 14 15 16 17 18 |
---------------+-------------------------------------------------------+-----
Axes           | 2 3 4 5 6 7 9 10 12 14 15 16 17 18 | 18.0
Shields        | 5 6 7 8 10 11 12 15 16 17 | 17.8
Fighting       | 4 5 6 7 9 10 11 12 13 | 13.7
Dodging        | 1 2 |  2.0
Throwing       | 1 2 3 6 |  6.0
Armour         | 4 5 6 7 8 9 10 12 14 15 16 | 16.0
Invocations    | 4 9 10 | 10.0

Action                     |  1- 3 |  4- 6 |  7- 9 | 10-12 | 13-15 | 16-18 || total
---------------------------+-------+-------+-------+-------+-------+-------++-------
  Melee: War axe           |    75 |   128 |   315 |   313 |   549 |       ||  1380
         Morningstar       |       |       |       |     4 |    15 |    61 ||    80
         Broad axe         |       |       |       |       |   277 |  1303 ||  1580
  Throw: Javelin           |       |       |    54 |   112 |    71 |   159 ||   396
         Boomerang         |       |       |    11 |    19 |    20 |       ||    50
 Invoke: Heroism           |       |       |     4 |    23 |    29 |    38 ||    94
         Finesse           |       |       |       |       |     5 |     3 ||     8
    Use: Scroll            |     2 |     6 |     2 |     9 |    11 |     4 ||    34
         Potion            |       |     4 |     1 |     3 |     1 |       ||     9
   Stab: Distracted        |       |       |       |     2 |     8 |       ||    10
         Confused          |       |       |       |       |       |     2 ||     2
 Armour: Scale mail        |    33 |    54 |     4 |       |       |       ||    91
         Plate armour      |       |       |   145 |   122 |   128 |       ||   395
         Crystal plate arm |       |       |       |       |   141 |   571 ||   712
  Dodge: Dodged            |    34 |    78 |   149 |    99 |   336 |   533 ||  1229
         Repelled          |       |       |       |       |       |     5 ||     5
  Block: Buckler           |    11 |    14 |       |       |       |       ||    25
         Kite shield       |       |    22 |   149 |   122 |   257 |       ||   550
         Tower shield      |       |       |       |       |   246 |  1238 ||  1484
         Reflection        |       |       |       |       |       |    82 ||    82

Table legend:
 A = Non-vault XP
 B = Vault XP
 C = Vault XP percentage of total XP
 D = Non-vault monster count
 E = Vault monster count
 F = Vault count percentage of total count
                 A         B        C        D         E       F
            +---------+---------+-------+---------+---------+-------
      Total |  194969 |   88679 |  31.3 |     675 |     257 |  27.6
            +---------+---------+-------+---------+---------+-------
        D:1 |      21 |       0 |   0.0 |      10 |       0 |   0.0
        D:2 |      34 |      39 |  53.4 |      12 |       2 |  14.3
        D:3 |      52 |       0 |   0.0 |      20 |       0 |   0.0
        D:4 |     486 |       0 |   0.0 |      18 |       0 |   0.0
        D:5 |     951 |     113 |  10.6 |      24 |       2 |   7.7
        D:6 |     629 |       0 |   0.0 |      22 |       0 |   0.0
        D:7 |    1900 |       0 |   0.0 |      28 |       0 |   0.0
        D:8 |    1055 |    2588 |  71.0 |      13 |       7 |  35.0
        D:9 |     860 |     268 |  23.8 |      15 |       1 |   6.2
       D:10 |    3018 |       0 |   0.0 |      23 |       0 |   0.0
       D:11 |    3718 |     752 |  16.8 |       9 |       9 |  50.0
       D:12 |    4545 |    3103 |  40.6 |      21 |       6 |  22.2
       D:13 |    6156 |       0 |   0.0 |      19 |       0 |   0.0
       D:14 |   14339 |    7686 |  34.9 |      29 |      21 |  42.0
       D:15 |    8375 |    5659 |  40.3 |      16 |      15 |  48.4
     Lair:1 |    5251 |       0 |   0.0 |      25 |       0 |   0.0
     Lair:2 |    6682 |    4858 |  42.1 |      28 |      16 |  36.4
     Lair:3 |    4166 |    2462 |  37.1 |      20 |       8 |  28.6
     Lair:4 |   14569 |       0 |   0.0 |      39 |       0 |   0.0
     Lair:5 |    9258 |   13503 |  59.3 |      33 |      37 |  52.9
    Swamp:1 |    7087 |       0 |   0.0 |      17 |       0 |   0.0
    Swamp:2 |   14844 |   15664 |  51.3 |      26 |      35 |  57.4
    Swamp:3 |    7373 |       0 |   0.0 |      13 |       0 |   0.0
    Swamp:4 |   14313 |    8188 |  36.4 |      28 |      17 |  37.8
    Snake:1 |   12469 |    3671 |  22.7 |      28 |       7 |  20.0
    Snake:2 |   30009 |    7995 |  21.0 |      59 |       6 |   9.2
    Snake:3 |   17926 |    2125 |  10.6 |      33 |       5 |  13.2
      Orc:1 |    2688 |     278 |   9.4 |      23 |       6 |  20.7
      Orc:2 |    2195 |    4815 |  68.7 |      24 |      44 |  64.7
   Gauntlet |       0 |    4912 | 100.0 |       0 |      13 | 100.0
            +---------+---------+-------+---------+---------+-------
